 Zot Defence DCSS version 0.15.2 (webtiles) character file.

98480 hexophile the Executioner (level 16, -5/138 HPs)
             Began as a Naga Fighter on Mar 29, 2016.
             Was a Believer of Trog.
             Slain by a deep troll earth mage (12 damage)
             ... in the Realm of Zot (Scenario I: Hall of Zot).
             The game lasted 00:07:02 (20018 turns).

hexophile the Executioner (Naga Fighter)           Turns: 20018, Time: 00:07:02

HP  -5/138       AC  8     Str 19      XL: 16   Next: 22%
MP  16/16        EV  6     Int 15      God: Trog [**....]
Gold 0           SH  0     Dex 11      Spells:  0 memorised, 15 levels left

rFire  . . .     SeeInvis +     h - +1 battleaxe (freeze)
rCold  . . .     Clarity  .     b - +0 scale mail (curse)
rNeg   . . .     rCorr    .     (no shield)
rPois  +         rRot     .     (no helmet)
rElec  .         Spirit   .     (no cloak)
SustAb .         Warding  .     (no gloves)
rMut   .         Stasis   .     (no barding)
Gourm  .                        (no amulet)
MR     ++...                    (no ring)
                                (no ring)

@: very slow, very resistant to hostile enchantments, extremely unstealthy
A: spit poison, constrict 1, see invisible, deformed body, poison resistance,
slowness 2, AC +5
a: Make oklob sapling, Make arrow trap, Make plant, Remove Curse, Make burning
bush, Make altar, Make grenades, Make oklob plant, Make net trap, Make ice
statue, Make spear trap, Make alarm trap, Make mushroom circle, Make bolt trap,
Make crystal statue, Make needle trap, Zot-teleport, Spit Poison, Burn
Spellbooks, Berserk, Trog's Hand, Renounce Religion


You were in the Realm of Zot.
You worshipped Trog.
Trog was pleased with you.
You were not hungry.

You visited 1 branch


Innate Abilities, Weirdness & Mutations

You cannot wear boots.
You can spit poison.
You can use your snake-like lower body to constrict enemies.
Your serpentine skin is tough (AC +5).
You have supernaturally acute eyesight.
Armour fits poorly on your strangely shaped body.
Your system is resistant to poisons.
You cover ground very slowly.

Inventory:

Hand weapons
 h - a +1 battleaxe of freezing (weapon)
Missiles
 a - 2 curare-tipped needles
Armour
 b - a cursed +0 scale mail (worn)
 c - a +0 shield
Comestibles
 f - a bread ration
Scrolls
 k - a scroll of blinking
Potions
 d - 3 potions of curing
 g - a potion of heal wounds
 i - 2 potions of magic


You had 15 spell levels left.
You didn't know any spells.


   Skills:
 + Level 7.3 Fighting
 * Level 24.4 Axes
 - Level 2.4 Armour
 - Level 2.4 Shields

Dungeon Overview and Level Annotations

Branches:
    Zot (1/1)

Altars:
Trog

Vault maps used:
Zot:      zotvault
You       could see an iron dragon, 2 fire giants and a deep troll earth mage.


Message History

You constrict the deep troll earth mage.
The deep troll earth mage bites you!! The deep troll earth mage claws you!
The deep troll earth mage claws you.
You slice the deep troll earth mage!! You freeze the deep troll earth mage.
You kill the deep troll earth mage!
Trog accepts your kill.
Trog appreciates your killing of a magic user.
You barely miss the iron dragon.
The iron dragon is heavily wounded.
You slash the deep troll earth mage! You freeze the deep troll earth mage.
You grab the deep troll earth mage.
The deep troll earth mage is heavily wounded.
You hit the iron dragon but do no damage.
The iron dragon is heavily wounded.
You constrict the deep troll earth mage, but do no damage.
A fire giant comes into view.
It is wielding a great sword of flaming.
Unknown command.
Unknown command.
You hit the iron dragon.
The iron dragon is heavily wounded.
You hit the deep troll earth mage but do no damage.
The deep troll earth mage is heavily wounded.
You constrict the deep troll earth mage.
The deep troll earth mage barely misses you.
The deep troll earth mage claws you.
* * * LOW HITPOINT WARNING * * *
The deep troll earth mage claws you but does no damage.
The fire giant moves out of view.
You slash the iron dragon! You freeze the iron dragon.
The iron dragon is severely wounded.
You hit the deep troll earth mage but do no damage.
The deep troll earth mage is heavily wounded.
You constrict the deep troll earth mage.
The deep troll earth mage bites you but does no damage.
The deep troll earth mage claws you!
* * * LOW HITPOINT WARNING * * *
The deep troll earth mage claws you!
* * * LOW HITPOINT WARNING * * *
Unknown command.
You hit the iron dragon but do no damage.
The iron dragon is severely wounded.
You slash the deep troll earth mage! You freeze the deep troll earth mage.
The deep troll earth mage is almost dead.
You constrict the deep troll earth mage.
The deep troll earth mage bites you!
* * * LOW HITPOINT WARNING * * *
The deep troll earth mage claws you!
* * * LOW HITPOINT WARNING * * *
The deep troll earth mage claws you!
You die...

Action                   |  1- 3 |  4- 6 |  7- 9 | 10-12 | 13-15 | 16-18 || total
-------------------------+-------+-------+-------+-------+-------+-------++-------
Melee: War axe           |    69 |       |    35 |   225 |    82 |       ||   411
       Battleaxe         |       |       |       |       |   364 |    33 ||   397
Invok: Trog's Hand       |       |       |       |       |     2 |       ||     2
       Berserk           |       |       |       |       |     1 |       ||     1
 Abil: Make altar        |       |       |       |     1 |       |       ||     1
       Make grenades     |       |       |       |     1 |       |       ||     1
       Zot-teleport      |       |       |       |       |       |     1 ||     1
  Use: Potion            |       |       |       |     2 |     1 |       ||     3

Notes
Turn   | Place    | Note
--------------------------------------------------------------
     0 | Zot      | hexophile, the Naga Fighter, began the quest for the Orb.
     0 | Zot      | Reached XP level 1. HP: 21/21 MP: 1/1
 16665 | Zot      | Noticed a green draconian
 16665 | Zot      | Noticed a green draconian
 16666 | Zot      | Noticed a red draconian
 16676 | Zot      | Reached skill level 3 in Axes
 16676 | Zot      | Reached XP level 2. HP: 28/28 MP: 2/2
 16676 | Zot      | Reached XP level 3. HP: 34/34 MP: 3/3
 16741 | Zot      | Killed a green draconian
 16741 | Zot      | Reached skill level 11 in Axes
 16741 | Zot      | Reached XP level 4. HP: 42/42 MP: 4/4
 16741 | Zot      | Reached XP level 5. HP: 49/49 MP: 5/5
 16741 | Zot      | Reached XP level 6. HP: 56/56 MP: 6/6
 16741 | Zot      | Reached XP level 7. HP: 62/62 MP: 7/7
 16741 | Zot      | Reached XP level 8. HP: 69/69 MP: 8/8
 16741 | Zot      | Reached XP level 9. HP: 75/75 MP: 9/9
 16776 | Zot      | Killed a red draconian
 16776 | Zot      | Reached skill level 13 in Axes
 16776 | Zot      | Reached XP level 10. HP: 84/84 MP: 10/10
 16819 | Zot      | Killed a green draconian
 16819 | Zot      | Reached skill level 14 in Axes
 16933 | Zot      | Became a worshipper of Trog the Wrathful
 16956 | Zot      | Noticed a deep elf sorcerer
 16964 | Zot      | Noticed a smoke demon
 16970 | Zot      | Killed a deep elf sorcerer
 16970 | Zot      | Reached skill level 16 in Axes
 16970 | Zot      | Reached XP level 11. HP: 90/90 MP: 11/11
 16974 | Zot      | Noticed an ironheart preserver
 16974 | Zot      | Noticed an ogre mage
 16974 | Zot      | Noticed a deep elf sorcerer
 16994 | Zot      | Banished an ironheart preserver
 17022 | Zot      | Killed a deep elf sorcerer
 17022 | Zot      | Reached skill level 17 in Axes
 17044 | Zot      | Killed an ogre mage
 17362 | Zot      | Noticed a lich
 17365 | Zot      | Noticed a lorocyproca
 17367 | Zot      | Noticed an Executioner
 17388 | Zot      | Noticed a ghoul
 17388 | Zot      | Noticed a ghoul
 17401 | Zot      | Noticed an Ice Fiend
 17410 | Zot      | Noticed an Executioner
 17419 | Zot      | Killed a lich
 17419 | Zot      | Reached skill level 18 in Axes
 17419 | Zot      | Reached XP level 12. HP: 9/97 MP: 12/12
 17452 | Zot      | Killed a ghoul
 17474 | Zot      | Killed a ghoul
 17474 | Zot      | Reached skill level 19 in Axes
 17761 | Zot      | Noticed a deep troll earth mage
 17777 | Zot      | Killed a deep troll earth mage
 17777 | Zot      | Reached XP level 13. HP: 23/103 MP: 13/13
 17788 | Zot      | Reached skill level 20 in Axes
 18062 | Zot      | Noticed a storm dragon
 18090 | Zot      | Killed a storm dragon
 18102 | Zot      | Noticed Ypnogezi
 18153 | Zot      | Killed Ypnogezi the frost giant
 18159 | Zot      | Noticed an acid blob
 18184 | Zot      | Killed an acid blob
 18184 | Zot      | Reached skill level 21 in Axes
 18188 | Zot      | Acquired Trog's first power
 18364 | Zot      | Noticed a bone dragon
 18421 | Zot      | Killed a bone dragon
 18421 | Zot      | Reached XP level 14. HP: 111/111 MP: 14/14
 18506 | Zot      | Reached skill level 22 in Axes
 18657 | Zot      | Noticed a frost giant
 18681 | Zot      | Killed a frost giant
 18799 | Zot      | Noticed an iron dragon
 18838 | Zot      | Killed an iron dragon
 18881 | Zot      | Reached skill level 23 in Axes
 18890 | Zot      | Acquired Trog's second power
 19102 | Zot      | Noticed Tocoozie
 19225 | Zot      | Reached XP level 15. HP: 67/117 MP: 15/15
 19237 | Zot      | Killed Tocoozie the fire giant
 19579 | Zot      | Noticed a shadow dragon
 19599 | Zot      | Reached skill level 4 in Fighting
 19641 | Zot      | Killed a shadow dragon
 19660 | Zot      | Noticed a frost giant
 19686 | Zot      | Killed a frost giant
 19686 | Zot      | Reached skill level 5 in Fighting
 19758 | Zot      | Noticed a shadow dragon
 19765 | Zot      | Noticed a tengu reaver
 19797 | Zot      | Killed a tengu reaver
 19827 | Zot      | Killed a shadow dragon
 19827 | Zot      | Reached skill level 24 in Axes
 19858 | Zot      | Noticed a Brimstone Fiend
 19861 | Zot      | Reached skill level 6 in Fighting
 19885 | Zot      | Noticed a Shadow Fiend
 19899 | Zot      | Reached XP level 16. HP: 128/135 MP: 16/16
 19994 | Zot      | Reached skill level 7 in Fighting
 20018 | Zot      | Slain by a deep troll earth mage

Table legend:
 A = Turns spent in this place as a percentage of turns spent in the entire game.
 B = Non-inter-level travel turns spent in this place as a percentage of non-inter-level travel turns spent in the entire game.
 C = Inter-level travel turns spent in this place as a percentage of turns spent in this place.
 D = Turns resting spent in this place as a percentage of non-inter-level travel turns spent in this place.
 E = Turns spent auto-exploring this place as a percentage of non-inter-level travel turns spent in this place.
 F = Non-inter-level travel turns spent in this place divided by the number of levels of this place that you've seen.
                   A       B       C       D       E      F
               +-------+-------+-------+-------+-------+----------------------
         Total | 100.0 | 100.0 |   0.1 |  12.9 |   0.1 | 1877.0
           Zot | 100.0 | 100.0 |   0.1 |  12.9 |   0.1 | 1877.0
               +-------+-------+-------+-------+-------+----------------------

Table legend:
 A = Kills in this place as a percentage of kills in entire the game.
 B = Kills by you in this place as a percentage of kills by you in the entire game.
 C = Kills by friends in this place as a percentage of kills by friends in the entire game.
 D = Other kills in this place as a percentage of other kills in the entire game.
 E = Experience gained in this place as a percentage of experience gained in the entire game.
 F = Experience gained in this place divided by the number of levels of this place that you have seen.
                   A       B       C       D       E      F
               +-------+-------+-------+-------+-------+----------------------
         Total | 100.0 | 100.0 | 100.0 | 100.0 | 100.0 | 140686.0
           Zot | 100.0 | 100.0 | 100.0 | 100.0 | 100.0 | 140686.0
               +-------+-------+-------+-------+-------+----------------------

Vanquished Creatures
  A bone dragon (Zot)
  A lich (Zot)
  An acid blob (Zot)
  A fire giant (Zot)
  3 frost giants (Zot)
  A storm dragon (Zot)
  2 shadow dragons (Zot)
  A tengu reaver (Zot)
  2 deep elf sorcerers (Zot)
  An iron dragon (Zot)
  2 ghouls (Zot)
  2 deep elf demonologists (Zot)
  2 war gargoyles (Zot)
  2 ettins (Zot)
  2 green draconians (Zot)
  A red draconian (Zot)
  An ice dragon (Zot)
  A yaktaur captain (Zot)
  2 deep troll shamans (Zot)
  4 deep troll earth magi (Zot)
  A spriggan berserker (Zot)
  A soul eater (Zot)
  2 flayed ghosts (Zot)
  10 deep trolls (Zot)
  2 phantasmal warriors (Zot)
  A frost giant skeleton (Zot)
  2 yaktaurs (Zot)
  A giant leech (shapeshifter) (Zot)
  A two-headed ogre (Zot)
  3 spriggans (Zot)
  4 flying skulls (Zot)
  A vampire (Zot)
  3 yellow wasps (Zot)
  A necrophage (Zot)
  2 ogres (Zot)
  3 jellies (Zot)
  A mummy (Zot)
  A white imp (Zot)
73 creatures vanquished.

Vanquished Creatures (collateral kills)
  An ogre mage (Zot)
  2 giant spores (Zot)
3 creatures vanquished.

Vanquished Creatures (others)
  An ironheart preserver (Zot)
1 creature vanquished.

Grand Total: 77 creatures vanquished
